 Dungeon Crawl Stone Soup version 0.18-a0-1372-gd644665 (webtiles) character file.

4 Gorice the Vexing (level 1, -1/10 HPs)
             Began as a Deep Elf Wanderer on Feb 21, 2016.
             Slain by a giant gecko (4 damage)
             ... on level 1 of the Dungeon.
             The game lasted 00:01:37 (124 turns).

Gorice the Vexing (Deep Elf Wanderer)                Turns: 124, Time: 00:01:37

Health: -1/10      AC:  2    Str: 10    XL:     1   Next: 50%
Magic:  3/5        EV: 12    Int: 16    God:
Gold:   0          SH:  0    Dex: 13    Spells: 1 memorised, 2 levels left

rFire  . . .     SeeInvis .     e - +0 dagger
rCold  . . .     Gourm    .     d - +0 robe
rNeg   . . .     Faith    .     (no shield)
rPois  .         Spirit   .     (no helmet)
rElec  .         Dismiss  .     (no cloak)
rCorr  .         Reflect  .     (no gloves)
SustAt .         Harm     .     (no boots)
MR     .....     Rnd*Tele +     (no amulet)
Stlth  ++........               (no ring)
                                g - ring of teleportation (curse)

@: not resistant to hostile enchantments, unstealthy
A: no striking features
a: no special abilities


You were on level 1 of the Dungeon.
You were not hungry.

You visited 1 branch of the dungeon, and saw 1 of its levels.

Inventory:

Hand Weapons
 e - a +0 dagger (weapon)
Armour
 d - a +0 robe (worn)
Jewellery
 g - a cursed ring of teleportation (left hand)
Books
 a - a book of Maledictions
 b - the Incunabulum of Transmigration

   Spells                             Type                      Level
   a - Passwall                       Transmutation/Earth          2
   b - Sticks to Snakes               Transmutation                2
 c - the Handbook of Shape Shifting

   Spells                             Type                      Level
   a - Beastly Appendage              Transmutation                1
   b - Ignite Poison                  Fire/Transmutation/Poison    3
Comestibles
 f - a bread ration {!e}
 h - a chunk of flesh


   Skills:
 - Level 1.0 Throwing
 - Level 1.2 Dodging
 + Level 1.4 Stealth
 - Level 1.5 Unarmed Combat
 + Level 1.5 Spellcasting
 * Level 3.1 Hexes
   Level 2.1 Transmutations


You had 2 spell levels left.
You knew the following spells:

 Your Spells              Type           Power        Failure   Level  Hunger
a - Corona                Hex            ##.....      8%          1    ##.....


Dungeon Overview and Level Annotations

Branches:
Dungeon (1/15)

Altars:


Message History

You closely miss the giant newt. The giant newt closely misses you.
You closely miss the giant newt.
The giant newt bites you but does no damage.
You hit the giant newt but do no damage.
The giant newt barely misses you.
You hit the giant newt.
You kill the giant newt!
You see here a giant newt corpse.
You butcher the giant newt corpse.
h - a chunk of flesh You see here a giant newt skeleton.
A kobold comes into view. It is wielding a whip.
Found a scroll labeled FOCROC JUANOI.
Found a stone staircase leading down.
A giant gecko comes into view.
The kobold shouts!
The kobold throws a stone.
The stone hits you.
A rat comes into view.
Damage: 1 (max 1)
The kobold misses you.
A bat comes into view.
You miss the kobold. The kobold hits you but does no damage.
The kobold barely misses you. The bat hits you but does no damage.
The kobold barely misses you.
The giant gecko hisses menacingly.
Casting: Corona
Confirm with . or Enter, or press ? or * to list all spells.
Aiming: Corona
Press: ? - help, Shift-Dir - straight line, f - kobold
Aim: a kobold, wielding a whip (chance to defeat MR: 82%)
The kobold is outlined in light.
The kobold hits you with a whip.
Damage: 1 (max 1)
You completely miss the kobold. The kobold barely misses you.
You hit the kobold but do no damage. The kobold closely misses you.
You hit the kobold but do no damage. The kobold hits you with a whip.
* * * LOW HITPOINT WARNING * * *
Damage: 3 (max 3)
You hit the kobold.
You kill the kobold!
You hit the rat.
You kill the rat!
Casting: Corona
Confirm with . or Enter, or press ? or * to list all spells.
Aiming: Corona
Press: ? - help, Shift-Dir - straight line, f - giant gecko
Aim: a giant gecko (clinging, chance to defeat MR: 82%)
The giant gecko is outlined in light.
The giant gecko barely misses you.
You hit the giant gecko but do no damage.
The giant gecko bites you.
You die...

.# # .# . #.######### .#
##.##.@lb..# #.# .
#..##.####.##..#..#
###########.....###....r....#
.............................
##########.##..####..#.......
#.##..####.....#.#..
#.##..##.....$...#
##รท#......#.#...?##
##......####.##.###


You could see a giant gecko and a bat.

Vanquished Creatures
  A goblin (D:1)
  2 giant newts (D:1)
  A kobold (D:1)
  A rat (D:1)
5 creatures vanquished.

Notes
Turn   | Place    | Note
--------------------------------------------------------------
     0 | D:1      | Gorice the Deep Elf Wanderer began the quest for the Orb.
     0 | D:1      | Gorice set off with: a book of Maledictions, the Incunabulum of Transmigration, the Handbook of Shape Shifting, a +0 robe, a +0 dagger, a bread ration {!e}
     0 | D:1      | Reached XP level 1. HP: 10/10 MP: 5/5
     0 | D:1      | Identified the Incunabulum of Transmigration
     0 | D:1      | Identified the Handbook of Shape Shifting
     2 | D:1      | Learned a level 1 spell: Corona
    84 | D:1      | Reached skill level 3 in Hexes
   120 | D:1      | HP: 3/10 [kobold/whip (3)]
   124 | D:1      | Slain by a giant gecko

Vault maps used:
D:1:      ncdulo_smallfort

Action                   || total
-------------------------++-------
Melee: Dagger            ||    18
 Cast: Corona            ||     4

Table legend:
 A = Turns spent in this place as a percentage of turns spent in the entire game.
 B = Non-inter-level travel turns spent in this place as a percentage of non-inter-level travel turns spent in the entire game.
 C = Inter-level travel turns spent in this place as a percentage of turns spent in this place.
 D = Turns resting spent in this place as a percentage of non-inter-level travel turns spent in this place.
 E = Turns spent auto-exploring this place as a percentage of non-inter-level travel turns spent in this place.
 F = Non-inter-level travel turns spent in this place divided by the number of levels of this place that you've seen.
                   A       B       C       D       E      F
               +-------+-------+-------+-------+-------+----------------------
         Total | 100.0 | 100.0 |   0.0 |   0.0 |   7.3 |  55.0
       Dungeon | 100.0 | 100.0 |   0.0 |   0.0 |   7.3 |  55.0
               +-------+-------+-------+-------+-------+----------------------

Vault maps used:
D:1:      ncdulo_smallfort
